 Dungeon Crawl Stone Soup version 0.27.1-34-g3ba077fa99 (webtiles) character file.

Game seed: 6284176694312323569

2377 unlimited1921 the Thaumaturge (level 9, -19/59 HPs)
             Began as a Djinni Fire Elementalist on Jan 23, 2022.
             Was an Elder of Cheibriados.
             Killed from afar by a gargoyle (20 damage)
             ... with a stone arrow
             ... on level 8 of the Dungeon.
             The game lasted 01:23:49 (13909 turns).

unlimited1921 the Thaumaturge (DjFE)               Turns: 13909, Time: 01:23:49

Health: -19/59     AC:  6    Str: 16    XL:     9   Next: 73%
Gold:   290        EV: 18    Int: 36    God:    Cheibriados [****..] SH:  0 Dex: 22

rFire    + + +     SeeInvis .   L - +8 long sword "Cicved" {vorpal, rN+ Int+6}
rCold    x . .     Faith    .   (no shield)
rNeg     + + .     Spirit   .   P - +0 leather armour {rF+}
rPois    ∞         Reflect  .   y - +2 helmet
rElec    .         Harm     .   (no cloak)
rCorr    .         Rampage  .   (no gloves)
Will     .....                  (boots unavailable)
Stlth    +++.......             (no amulet)
HPRegen  0.19/turn              u - ring of positive energy
MPRegen  0.00/turn              H - +4 ring of evasion

@: flying, very slow
A: sickness immunity, fire resistance 2, cold vulnerability 1, float, innate
caster, hp casting, extra vitality 1
a: Renounce Religion, Bend Time, Temporal Distortion, Slouch


You were on level 8 of the Dungeon.
You worshipped Cheibriados.
Cheibriados was greatly pleased with you.
You visited 1 branch of the dungeon, and saw 8 of its levels.

You collected 528 gold pieces.
You spent 238 gold pieces at shops.

Inventory:

Hand Weapons
 q - a +0 hunting sling
 t - a +0 short sword
 w - a +3 quarterstaff of pain
 B - a +0 dagger of draining
 F - a +0 long sword
 I - a +0 hand axe of electrocution
 K - the +11 long sword of the Spinneret {freeze, Str+4}
   (You found it on level 7 of the Dungeon)

   It freezes those it strikes, dealing additional cold damage.
   It can also slow down cold-blooded creatures.
   Str:       It affects your strength (+4).
 L - the +8 long sword "Cicved" (weapon) {vorpal, rN+ Int+6}
   (You found it on level 7 of the Dungeon)

   It inflicts extra damage upon your enemies.
   Int:       It affects your intelligence (+6).
   rN:        It protects you from negative energy.
 M - a +0 battleaxe
Missiles
 c - 74 arrows
 m - 81 sling bullets
 n - 156 stones
 o - 30 bolts
 x - 4 boomerangs of dispersal
 z - 28 poisoned darts
 J - 4 boomerangs
Armour
 a - a +0 robe
 i - a +0 buckler
 k - a +0 leather armour
 y - a +2 helmet (worn)
 P - a +0 leather armour of fire resistance (worn)
Jewellery
 u - a ring of positive energy (left hand)
 H - a +4 ring of evasion (right hand)
 N - a ring of resist corrosion
Wands
 A - a wand of charming (7)
Scrolls
 e - 3 scrolls of amnesia {unknown}
 f - 3 scrolls of vulnerability {unknown}
 j - 2 scrolls of acquirement
 l - 2 scrolls of magic mapping {unknown}
 s - 2 scrolls of teleportation
 v - 2 scrolls of torment {unknown}
 D - a scroll of enchant armour
 E - a scroll of immolation
Potions
 b - 2 potions of lignification {unknown}
 d - a potion of might
 g - 2 potions of mutation {unknown}
 h - a potion of flight
 p - 3 potions of curing
 r - 2 potions of degeneration {unknown}
 C - a potion of invisibility
 G - 2 potions of berserk rage {unknown}
 O - a potion of attraction {unknown}


   Skills:
 + Level 2.5 Fighting
 + Level 3.0 Slings
 + Level 3.6 Dodging
 + Level 4.0 Stealth
 + Level 8.3 Spellcasting


You couldn't memorise any spells.
You knew the following spells:

 Your Spells              Type           Power      Damage    Failure   Level
a - Foxfire               Conj/Fire      100%       2x1d9     1%          1
b - Conjure Flame         Conj/Fire      65%        6-21      1%          3
c - Inner Flame           Hex/Fire       65%        N/A       1%          3
d - Sticky Flame          Conj/Fire      65%        2d8       1%          4
e - Fireball              Conj/Fire      32%        3d14      3%          5
f - Summon Small Mammal   Summ           100%       N/A       1%          1
g - Call Imp              Summ           65%        N/A       1%          2
h - Lesser Beckoning      Tloc           32%        N/A       1%          3
i - Fulminant Prism       Conj/Hex       32%        3d16      1%          4
Your spell library was empty.

Dungeon Overview and Level Annotations

Branches:
Dungeon (8/15)             Temple (0/1) D:4
   Lair: D:8-11

Altars:
Ashenzari
Cheibriados
Hepliaklqana
Okawaru
Ru
Uskayaw
Yredelemnul

Shops:
D:2 ?[   D:5 !


Innate Abilities, Weirdness & Mutations

You are immune to sickness and miasma.
You are immune to poison.
Your flesh is very heat resistant. (rF++)
You are vulnerable to cold. (rC-)
You float through the air rather than walking.
You learn spells naturally, not from books.
Your magical power is your life essence.
You have superior vitality. (+4 HP)


Message History

Your foxfire dissipates!
The foxfire hits the gargoyle but does no damage.
The gargoyle is almost destroyed.
Casting: Foxfire (safe; 1% risk of failure)
Confirm with . or Enter, or press ? or * to list all spells.
You conjure some foxfire!
The foxfire hits the gargoyle.
Flame seeps out of the gargoyle.
The gargoyle is almost destroyed.
Casting: Foxfire (safe; 1% risk of failure)
Confirm with . or Enter, or press ? or * to list all spells.
You conjure some foxfire!
Your foxfire dissipates!
The foxfire hits the gargoyle but does no damage.
The gargoyle is almost destroyed.
The gargoyle hurls a stone arrow at you.
The stone arrow misses you.
Casting: Foxfire (safe; 1% risk of failure)
Confirm with . or Enter, or press ? or * to list all spells.
You conjure some foxfire!
Your foxfire dissipates!
The foxfire hits the gargoyle but does no damage.
The gargoyle is almost destroyed.
Casting: Foxfire (safe; 1% risk of failure)
Confirm with . or Enter, or press ? or * to list all spells.
You conjure some foxfire!
The foxfire hits the gargoyle but does no damage.
The gargoyle is almost destroyed.
Your foxfire dissipates!
Casting: Foxfire (safe; 1% risk of failure)
Confirm with . or Enter, or press ? or * to list all spells.
You conjure some foxfire!
The gargoyle hits you with a +0 mace!!
Your foxfire dissipates!
The foxfire hits the gargoyle but does no damage.
The gargoyle is almost destroyed.
The gargoyle hurls a stone arrow at you.
The stone arrow hits you!!
* * * LOW HITPOINT WARNING * * *
The gargoyle hurls a stone arrow at you.
The stone arrow hits you!!
You die...

#.#
#.#############.#
#.##§.9o......)#
#.##@########..#
#.##.# ..# ##.##.#
..# #######>....#
..#
............######
..#
.######..#.......#
..#
#..#..####.###$.#
#<.#..........
#..##.#####+##


You could see a gargoyle (inner flame) and an orc.

Vanquished Creatures
  Joseph (D:7)
  2 black bears
  An ice beast (D:5)
  A sky beast (D:5)
  5 ogres
  A centaur (D:7)
  A phantom (D:5)
  A bullfrog (D:7)
  2 scorpions
  A water moccasin skeleton (D:4)
  A bullfrog zombie (D:6)
  A centaur zombie (D:8)
  A gnoll shaman (D:4)
  4 hounds
  A centaur skeleton (D:4)
  An orc priest (D:7)
  2 bullfrog skeletons
  An iguana (D:4)
  5 orc wizards
  2 killer bee zombies
  Robin (D:4)
  6 adders
  7 gnolls
  A river rat (D:4)
  4 white imps
  2 ufetubi (D:5)
  2 worms
  3 dart slugs
  16 orcs
  6 endoplasms
  4 giant cockroaches
  7 hobgoblins
  5 jackals
  3 quokkas
  8 ball pythons
  A bat (D:1)
  3 frilled lizards (D:3)
  9 goblins
  4 kobolds
  7 rats
  A spectral orc (D:3)
135 creatures vanquished.

Vanquished Creatures (collateral kills)
  A kobold brigand (D:4)
  A bullfrog (D:6)
  A water moccasin skeleton (D:6)
  2 hounds (D:6)
  A bullfrog skeleton (D:6)
  2 orcs
  An endoplasm (D:4)
  2 jackals (D:4)
11 creatures vanquished.

Vanquished Creatures (others)
  242 foxfires
  11 fulminant prisms
253 creatures vanquished.

Grand Total: 399 creatures vanquished

Notes
Turn   | Place    | Note
-------+----------+-------------------------------------------
     0 | D:1      | unlimited1921 the Djinni Fire Elementalist began the quest
                  | for the Orb.
     0 | D:1      | Reached XP level 1. HP: 15/15 MP: 0/0
   555 | D:1      | Found a faded altar of an unknown god.
   637 | D:1      | Reached XP level 2. HP: 19/21 MP: 0/0
  1369 | D:1      | Reached skill level 3 in Spellcasting
  1369 | D:1      | Reached XP level 3. HP: 22/25 MP: 0/0
  1369 | D:1      | Learned a level 1 spell: Summon Small Mammal
  2450 | D:2      | Found a snail-covered altar of Cheibriados.
  2457 | D:2      | Became a worshipper of Cheibriados the Contemplative
  2591 | D:2      | Found Ypuriydaf's Antique Armour Emporium.
  3402 | D:2      | Reached XP level 4. HP: 28/31 MP: 0/0
  3486 | D:2      | Found Zuis's Magic Scroll Shoppe.
  3494 | D:2      | Bought a scroll of identify for 28 gold pieces
  3972 | D:3      | Found a hide-covered altar of Uskayaw.
  4345 | D:3      | Identified a scroll of acquirement
  5498 | D:3      | Found a basalt altar of Yredelemnul.
  5769 | D:4      | Noticed a scorpion
  5773 | D:4      | Killed a scorpion
  5774 | D:4      | Reached skill level 4 in Spellcasting
  5774 | D:4      | Reached XP level 5. HP: 29/36 MP: 0/0
  5774 | D:4      | Learned a level 2 spell: Call Imp
  5930 | D:4      | Found a glowing drain.
  6160 | D:4      | Reached * piety under Cheibriados
  6182 | D:4      | Reached XP level 6. HP: 36/41 MP: 0/0
  6733 | D:4      | Reached skill level 1 in Fighting
  6807 | D:4      | Noticed a black bear
  6814 | D:4      | Killed a black bear
  6815 | D:4      | Reached skill level 1 in Slings
  7445 | D:4      | Reached XP level 7. HP: 38/47 MP: 0/0
  7445 | D:4      | Learned a level 3 spell: Lesser Beckoning
  7455 | D:4      | Noticed Robin
  7459 | D:4      | Reached ** piety under Cheibriados
  7462 | D:4      | Killed Robin
  7463 | D:4      | Reached skill level 5 in Spellcasting
  8152 | D:4      | Found a staircase to the Ecumenical Temple.
  8558 | D:4      | Found a hazy altar of Hepliaklqana.
  8560 | D:4      | Found a faded altar of an unknown god.
  8618 | D:5      | Entered Level 5 of the Dungeon
  8669 | D:5      | Found Luxaung's Distillery.
  8676 | D:5      | Bought a potion of curing for 42 gold pieces
  8676 | D:5      | Bought a potion of might for 56 gold pieces
  8676 | D:5      | Bought a potion of invisibility for 112 gold pieces
  8903 | D:5      | Reached XP level 8. HP: 37/52 MP: 0/0
  9189 | D:5      | Reached skill level 6 in Spellcasting
  9573 | D:5      | Found a broken altar of Ashenzari.
 10763 | D:6      | Reached skill level 7 in Spellcasting
 10763 | D:6      | Reached XP level 9. HP: 20/58 MP: 0/0
 10763 | D:6      | Learned a level 4 spell: Fulminant Prism
 10767 | D:6      | Reached *** piety under Cheibriados
 11670 | D:6      | Found a sacrificial altar of Ru.
 12192 | D:7      | Identified the +11 long sword of the Spinneret {freeze,
                  | Str+4}
 12237 | D:7      | Found an iron altar of Okawaru.
 12274 | D:7      | Identified the +8 long sword "Cicved" {vorpal, rN+ Int+6}
 13081 | D:7      | Reached **** piety under Cheibriados
 13360 | D:8      | Noticed Joseph
 13584 | D:7      | Killed Joseph
 13585 | D:7      | Reached skill level 8 in Spellcasting
 13887 | D:8      | Noticed a gargoyle
 13909 | D:8      | HP: 1/59 [gargoyle/stone arrow (19)]
 13909 | D:8      | Killed from afar by a gargoyle

Illustrated notes

Levels and vault maps discovered:
D:1:      pf_arrival_petrified_forest, layout_loops_ring,
          basic_ecumenical_altar, kennysheep_another_room
D:2:      layout_basic, basic_altar, serial_shops, shop, shop,
          amcnicky_mini_pool_small, chequers_serial_rivers_micro_d
D:3:      wander_river, layout_basic, yredelemnul_forgotten_temple_becter,
          mainiacjoe_overflow_boulevard
D:4:      layout_basic, beargit_hepliaklqana_dungeon_heroes,
          minmay_temple_entry_glass, portal_sewer_entry_c, uniq_robin
D:5:      layout_basic, mainiacjoe_overflow_surrounded_room, serial_shops,
          nicolae_shop_temple_entry_statues_fountains, lemuel_flamethrower_1
D:6:      layout_cave_pools, nicolae_ru_sacrificial_ziggurat, minivault_26
D:7:      layout_basic, mainiacjoe_overflow_paths, dk_rats_in_the_wall
D:8:      layout_loops_ring, mainiacjoe_overflow_alcove_1,
          kennysheep_small_square, uniq_maggie, uniq_harold, uniq_joseph

Skill      XL: |  1  2  3  4  5  6  7  8  9 |
---------------+----------------------------+-----
Spellcasting   | 3 4 5 7 8 |  8.3
Stealth        | 2 3 4 |  4.0
Fighting       | 1 2 |  2.5
Slings         | 1 2 3 |  3.0
Dodging        | 3 |  3.6

Action                   |  1- 3 |  4- 6 |  7- 9 || total
-------------------------+-------+-------+-------++-------
Melee: Dagger            |     1 |     6 |       ||     7
 Fire: Hunting sling     |       |    24 |    25 ||    49
 Cast: Foxfire           |    71 |    25 |    71 ||   167
       Inner Flame       |       |    34 |    62 ||    96
       Summon Small Mamm |       |     5 |     1 ||     6
       Conjure Flame     |       |     1 |       ||     1
       Call Imp          |       |     4 |    36 ||    40
       Fulminant Prism   |       |       |    11 ||    11
       Fireball          |       |       |     2 ||     2
  Use: Scroll            |       |     7 |     4 ||    11
       Potion            |       |       |     3 ||     3
Armor: Robe              |       |     2 |    13 ||    15
Dodge: Dodged            |     7 |    16 |    56 ||    79
